 Dungeon Crawl Stone Soup version 0.20-a0-3-g334f831 (webtiles) character file.

663112 Gorice the Slayer (level 27, -13/193 HPs)
             Began as a Kobold Enchanter on Aug 28, 2016.
             Was the Champion of Okawaru.
             Mangled by a death cob (23 damage)
             ... on level 2 of the Realm of Zot on Oct 30, 2016.
             The game lasted 14:36:02 (116534 turns).

Gorice the Slayer (Kobold Enchanter)              Turns: 116534, Time: 14:36:03

Health: -13/193    AC: 23    Str: 11    XL:     27
Magic:  0/43       EV: 38    Int: 21    God:    Okawaru [******]
Gold:   3965       SH: 12    Dex: 23    Spells: 19 memorised, 1 level left

rFire  . . .     SeeInvis +     a - +12 dagger of the Snake Pit {flame, MR+}
rCold  . . .     Gourm    .     E - +3 leather armour "Plog" {rCorr SInv Stlth+}
rNeg   + + .     Faith    .     V - +0 buckler {AC+3}
rPois  +         Spirit   +     r - +2 hat of the Bear Spirit {Spirit, +Rage rN+ MR++}
rElec  .         Reflect  +     G - +2 cloak {+Inv}
rCorr  +         Harm     .     C - +2 pair of gloves {Str+3}
MR     +++++                    j - +2 pair of boots {Fly}
Stlth  +++++++...               R - +3 amulet of reflection
                                H - ring of Ytiqif {rPois rN+ Dex+3 Slay+2}
                                P - +6 ring of slaying

@: exhausted, heroism, finesse, flying, slowed, repel missiles, very slow
A: carnivore 3
a: Heroism, Finesse, Renounce Religion, Evoke Berserk Rage, Evoke Invisibility,
Stop Flying
}: 3/15 runes: serpentine, barnacled, silver


You were on level 2 of the Realm of Zot.
You worshipped Okawaru.
Okawaru was exalted by your worship.
You were completely stuffed.

You visited 11 branches of the dungeon, and saw 51 of its levels.
You also visited: Ice Cave and Desolation.

You collected 8589 gold pieces.
You spent 4624 gold pieces at shops.

Inventory:

Hand Weapons
 a - the +12 dagger of the Snake Pit (weapon) {flame, MR+}
   (Okawaru gifted it to you on level 4 of the Lair of Beasts)

   It has been specially enchanted to burn those struck by it, causing extra
   injury to most foes and up to half again as much damage against particularly
   susceptible opponents.
   It affects your resistance to hostile enchantments.
 b - a +9 quick blade of freezing
   (You found it on level 6 of the Lair of Beasts)
 c - the +9 rapier "Leacas" {antimagic, Str+5 Int+2 Dex-5}
   (Okawaru gifted it to you on level 1 of the Realm of Zot)

   It reduces the magical energy of the wielder, and disrupts the spells and
   magical abilities of those hit.
   Natural abilities and divine invocations are not affected.
   It affects your strength (+5).
   It affects your intelligence (+2).
   It affects your dexterity (-5).
 e - a +9 demon blade of electrocution
   (You took it off Asterion on level 3 of the Elven Halls)
 f - the +9 dagger of Chilly Death {flash freeze, rPois rF- rC++ MR+}
   (You found it on level 6 of the Lair of Beasts)

   It has been specially enchanted to freeze those struck by it, causing extra
   injury to most foes and up to half again as much damage against particularly
   susceptible opponents.
   It can also slow down cold-blooded creatures.
   It makes you vulnerable to fire.
   It greatly protects you from cold.
   It protects you from poison.
   It affects your resistance to hostile enchantments.
 B - a +5 blowgun
Missiles
 I - 18 curare-tipped needles
 O - 18 tomahawks of returning (quivered)
 Y - a throwing net
Armour
 j - a +2 pair of boots of flying (worn)
   (You found it on level 4 of the Shoals)
 r - the +2 hat of the Bear Spirit (worn) {Spirit, +Rage rN+ MR++}
   (You found it on level 1 of the Snake Pit)

   It protects you from negative energy.
   It affects your resistance to hostile enchantments.
   It lets you go berserk.
 C - a +2 pair of gloves of strength (worn)
   (Okawaru gifted it to you on level 1 of the Depths)
 E - the +3 leather armour "Plog" (worn) {rCorr SInv Stlth+}
   (You bought it in a shop on level 3 of the Shoals)

   It lets you see invisible.
   It protects you from acid and corrosion.
   It makes you more stealthy.
 G - a +2 cloak of invisibility (worn)
   (Okawaru gifted it to you on level 2 of the Snake Pit)
 V - a +0 buckler of protection (worn)
   (You took it off a tengu reaver on level 2 of the Depths)
Rods
 L - a +5 lightning rod (13/13) {!a}
   (You took it off a tengu reaver on level 5 of the Vaults)
Jewellery
 q - an uncursed ring of protection from fire
 H - the ring of Ytiqif (right hand) {rPois rN+ Dex+3 Slay+2}
   (You bought it in a shop on level 2 of the Snake Pit)

   [ring of slaying]

   It affects your dexterity (+3).
   It affects your accuracy and damage with ranged weapons and melee attacks
   (+2).
   It protects you from poison.
   It protects you from negative energy.
 P - a +6 ring of slaying (left hand)
 R - a +3 amulet of reflection (around neck)
Wands
 d - a wand of teleportation (8/9) {!d}
 k - a wand of paralysis (8/24)
 l - a wand of disintegration (10/24)
 S - a wand of hasting (6/9) {!d}
 T - a wand of digging (9/24)
Scrolls
 g - 4 scrolls of magic mapping {!r}
 u - 7 scrolls of blinking
 w - 25 scrolls of remove curse
 x - 7 scrolls of recharging
 y - 2 scrolls of silence {!r}
 A - 2 scrolls of summoning {!r}
 D - 4 scrolls of fog
 F - 7 scrolls of teleportation {!r}
 N - 5 scrolls of fear {!r}
 U - a scroll of enchant armour
 W - 23 scrolls of identify
Potions
 h - 5 potions of agility {!q}
 i - 18 potions of curing
 m - 3 potions of cancellation {!q}
 n - 3 potions of heal wounds {!q}
 s - 2 potions of haste {!q}
 t - 8 potions of might {!q}
 z - 5 potions of magic {!q}
 J - 4 potions of resistance {!q}
 M - 7 potions of brilliance {!q}
 Q - 2 potions of cure mutation {!q}
Miscellaneous
 p - 4 sacks of spiders
 v - 4 boxes of beasts
Comestibles
 o - 25 meat rations {!e}
 K - 3 chunks of flesh
 X - 18 beef jerkies


   Skills:
 + Level 25.4(27) Fighting
 - Level 12.0(19.1) Short Blades
 * Level 8.6(14.9) Long Blades
 - Level 15.0(20.0) Throwing
 - Level 6.0(11.0) Armour
 - Level 22.0(27) Dodging
 - Level 10.0(15.0) Stealth
 - Level 7.3(12.3) Shields
 - Level 16.3 Spellcasting
 - Level 6.8 Conjurations
 - Level 15.0 Hexes
 - Level 6.2 Charms
 - Level 15.0 Summonings
 - Level 6.0 Translocations
 - Level 6.1 Ice Magic
 - Level 8.0 Air Magic
 - Level 6.0 Earth Magic
 - Level 10.0 Invocations
 - Level 15.0 Evocations


You had one spell level left.
You knew the following spells:

 Your Spells              Type           Power        Failure   Level  Hunger
a - Corona                Hex            ######.      0%          1    None
b - Confuse               Hex            ######..     1%          3    None
c - Ensorcelled Hibernat  Hex/Ice        ######       1%          2    None
d - Tukima's Dance        Hex            ######..     1%          3    None
e - Dazzling Spray        Conj/Hex       ######       1%          3    None
f - Summon Mana Viper     Hex/Summ       ######..     1%          5    ##.....
g - Summon Lightning Spi  Summ/Air       ######..     1%          4    None
h - Darkness              Hex            ######....   1%          6    #####..
i - Passwall              Tmut/Erth      ####......   1%          2    None
s - Silence               Hex/Air        ######....   1%          5    ##.....
w - Spectral Weapon       Hex/Chrm       ######..     1%          3    None
A - Apportation           Tloc           #####.....   1%          1    None
B - Summon Butterflies    Summ           ######..     0%          1    None
C - Shadow Creatures      Summ           N/A          1%          6    #####..
J - Blink                 Tloc           N/A          1%          2    None
M - Repel Missiles        Chrm/Air       #####.       1%          2    None
O - Ozocubu's Armour      Chrm/Ice       #####...     1%          3    None
R - Regeneration          Chrm/Necr      ####......   3%          3    None
S - Swiftness             Chrm/Air       #####...     1%          2    None


Dungeon Overview and Level Annotations

Branches:
Dungeon (15/15)            Temple (1/1) D:6            Lair (6/6) D:9
 Shoals (4/4) Lair:3        Snake (4/4) Lair:2        Slime (0/5) Lair:5
    Orc (2/2) D:12            Elf (3/3) Orc:2        Vaults (5/5) D:14
  Crypt (3/3) Vaults:3       Tomb (0/3) Crypt:3      Depths (5/5) D:15
    Zot (3/5) Depths:5

Altars:
Ashenzari
Cheibriados
Dithmenos
Elyvilon
Fedhas
Gozag
Hepliaklqana
Kikubaaqudgha
Makhleb
Nemelex Xobeh
Okawaru
Qazlal
Ru
Sif Muna
Trog
Uskayaw
Vehumet
Xom
Yredelemnul
Zin
The Shining One
Beogh
Jiyva

Shops:
D:9 (   Orc:2 ((}!   Shoals:3 [   Snake:2 =}=   Snake:3 :   Vaults:2 =
Vaults:4 :

Portals:
Hell: Depths:1 Depths:2 Depths:3 Depths:4 Depths:5
Abyss: Depths:4 Depths:5
Pandemonium: Depths:3
Ziggurat: Depths:3

Annotations:
Lair:6 exclusion: 2 oklob plants
Snake:2 Vashnia
Vaults:3 pUX: shafted here


Innate Abilities, Weirdness & Mutations

You are small and have problems with some larger weapons.
You are carnivorous and can eat meat at any time.


Message History

Damage: 4 (max 21)
You can now deal lightning-fast blows.
The death cob completely misses you.
The death cob hits you but does no damage.
The death cob barely misses you. You block the moth of wrath's attack.
The death cob hits you but does no damage.
You block the moth of wrath's attack.
Unknown command.
Casting: Spectral Weapon
Confirm with . or Enter, or press ? or * to list all spells.
You draw out your weapon's spirit!
You block the death cob's attack. The death cob hits you!!
* * * LOW HITPOINT WARNING * * *
The death cob drains your vigour!
You feel as though you will be slow longer.
The death cob closely misses you. The moth of wrath bites you!
* * * LOW HITPOINT WARNING * * *
The death cob completely misses you.
Damage: 39 (max 39) Unknown command.
Really quaff
n - 5 potions of heal wounds {!q}?
You feel much better. The death cob barely misses you.
You block the death cob's attack.
The moth of wrath completely misses you.
You block the death cob's attack. The moth of wrath closely misses you.
Unknown command.
Okay, then.
Casting: Spectral Weapon
Confirm with . or Enter, or press ? or * to list all spells.
You don't have enough magic to cast that spell.
Really quaff
n - 4 potions of heal wounds {!q}?
You feel much better. The death cob misses you. The death cob hits you!!
* * * LOW HITPOINT WARNING * * *
The death cob drains your vigour!
You feel as though you will be slow longer.
The death cob misses you. The moth of wrath barely misses you.
The death cob hits you!
* * * LOW HITPOINT WARNING * * *
The moth of wrath completely misses you.
Damage: 16 (max 39) Unknown command.
Unknown command.
Unknown command.
Unknown command.
Your blink will be uncontrolled - continue anyway?
The Orb prevents control of your translocation!
You blink.
As you read the scroll of blinking, it crumbles to dust.
The death cob hits you!!
You die...

#.........##..#......##.......#..
#.##...##.#..##.......#.......#..
...#####....##................#..
#.........###..............#..#>.
###.....###................#..##.
..###'###............##....##..#.
..##...##...#...#y#####..^..#....
#.#.....#...#.....ยง###...........
###8.<.8#.......@z...............
.##.....#........................
..##.8.##.............<........##
...#####......................##.
.....###.....###......#......##.#
.............##........#......#..
.................................
.....######......................
....#....................#.......


You could see a death cob and a moth of wrath.

Vanquished Creatures
  An ancient lich (Vaults:5)
  Mara (Elf:3)
  Frederick (Vaults:4)
  Saint Roka (Vaults:3)
  A caustic shrike (Depths:2)
  11 golden dragons
  A profane servitor (Crypt:3)
  A bone dragon (Crypt:3)
  13 tentacled monstrosities
  A titan (Vaults:5)
  5 liches
  4 deep elf blademasters
  Asterion (Elf:3)
  2 quicksilver dragons (Vaults:4)
  2 deep elf master archers
  5 sphinxes
  Agnes (Elf:2)
  4 death cobs
  13 tengu reavers
  Ilsuiw (Shoals:3)
  11 shadow dragons
  14 storm dragons
  2 draconian monks (Zot:1)
  13 nagarajas
  Donald (Snake:2)
  2 revenants
  Roxanne (Elf:3)
  The ghost of hairmachine the Impaler, a journeyman MfGl of Uskayaw (Shoals:3)
  3 imperial myrmidons (Desolation)
  A draconian knight (Zot:1)
  9 deep elf sorcerers
  15 vault wardens
  14 frost giants
  4 draconian scorchers
  An iron dragon (Depths:4)
  4 draconian zealots
  10 fire giants
  Louise (D:14)
  2 draconian shifters
  11 ghouls (Crypt:3)
  A draconian annihilator (Zot:1)
  A curse skull (Crypt:3)
  3 spriggan defenders (Depths:4)
  2 war gargoyles (Vaults:5)
  41 very ugly things
  2 reapers (Crypt:2)
  5 deep elf elementalists (Elf:3)
  17 ironheart preservers
  2 entropy weavers
  12 vampire knights
  22 stone giants
  4 black draconians
  3 green draconians
  Nessos (D:14)
  4 spark wasps
  3 mottled draconians
  5 deep elf demonologists
  4 white draconians
  3 halazid warlocks (Desolation)
  2 red draconians (Zot:2)
  6 deep elf annihilators
  A spark wasp (shapeshifter) (Depths:4)
  7 purple draconians
  4 yellow draconians
  9 eidola
  A fire dragon (shapeshifter) (Vaults:3)
  4 ragged hierophants (Desolation)
  9 ettins
  24 yaktaur captains
  7 deep elf death magi
  A mummy priest (Crypt:3)
  5 deep elf high priests
  17 fire dragons
  3 crystal guardians
  9 merfolk impalers
  9 jiangshi
  5 merfolk javelineers
  7 naga warriors
  Harold (Lair:4)
  6 great orbs of eyes
  42 vault guards
  8 peacekeepers
  7 rakshasas
  5 spriggan air magi
  7 hydras
  6 catoblepae
  15 ogre magi
  16 ice dragons
  13 anacondas
  3 death knights
  11 servants of whispers (Desolation)
  3 merfolk aquamancers (Shoals:4)
  7 merfolk avatars
  34 dancing weapons
  14 centaur warriors
  9 deep troll shamans
  11 alligator snapping turtles
  13 death yaks
  2 satyrs (Shoals:3)
  A hell hog (shapeshifter) (Vaults:2)
  7 shock serpents
  5 spriggan berserkers
  A titan zombie (Crypt:1)
  6 tengu warriors
  3 orc high priests (Orc:2)
  11 deep troll earth magi
  12 vampire magi
  The ghost of Shenda the Carver, a novice FoFi of Okawaru (D:7)
  11 naga sharpshooters
  Urug (Lair:4)
  A soul eater (Crypt:3)
  The ghost of eragonby the Protected, a novice MiFi of Okawaru (D:8)
  4 iron trolls (Depths:4)
  2 storm dragon zombies
  25 deep elf knights
  26 skeletal warriors
  11 flayed ghosts
  9 sea snakes
  2 shadow wraiths
  5 hell knights
  2 deep trolls (shapeshifter)
  3 unseen horrors
  A shadow dragon zombie (Crypt:3)
  A storm dragon skeleton (Vaults:3)
  10 wizards
  15 deep elf archers
  3 glowing orange brains
  14 orc knights
  6 naga ritualists
  5 hill giants
  40 deep trolls
  3 tengu zombies
  A sphinx zombie (Vaults:3)
  11 mana vipers
  An iron dragon zombie (Crypt:3)
  16 ironbrand convokers
  A harpy (shapeshifter) (Vaults:4)
  30 phantasmal warriors
  76 deep elf magi
  18 harpies
  60 ugly things
  2 orb spiders (shapeshifter)
  A wolf spider zombie (Crypt:3)
  2 stone giant zombies
  10 necromancers
  2 frost giant zombies
  10 orc sorcerers
  9 wolf spiders
  A shining eye (shapeshifter) (Vaults:4)
  10 cyclopes
  14 manticores
  A fire giant zombie (Crypt:3)
  2 wolf spiders (shapeshifter)
  4 fauns (Shoals:1)
  11 removed MONS_GRIFFONs
  A hornet (Vaults:5)
  A faun (shapeshifter) (Vaults:4)
  A salamander (shapeshifter) (Depths:2)
  3 moths of wrath (shapeshifter)
  14 moths of wrath
  A guardian serpent (shapeshifter) (Depths:1)
  8 salamanders
  6 elephants
  A fire giant skeleton (Crypt:1)
  13 sirens
  17 guardian serpents
  3 ice statues (IceCv)
  39 black mambas
  5 water nymphs
  24 naga magi
  A black mamba (shapeshifter) (Depths:3)
  An eye of devastation (Vaults:3)
  2 torpor snails
  A frost giant skeleton (Vaults:4)
  24 vault sentinels
  An eye of devastation (shapeshifter) (Depths:1)
  2 gargoyles
  A kobold demonologist (D:15)
  4 spectral swamp worms (Depths:3)
  A shock serpent skeleton (Crypt:1)
  8 spiny frogs
  8 komodo dragons
  A storm dragon simulacrum (Crypt:1)
  2 rime drakes
  56 yaktaurs
  An emperor scorpion zombie (Crypt:3)
  2 komodo dragons (shapeshifter)
  An efreet (D:14)
  A green draconian zombie (Crypt:2)
  2 yaktaurs (shapeshifter)
  2 guardian mummies (Crypt:3)
  2 catoblepas skeletons (Crypt:1)
  18 freezing wraiths
  A yaktaur skeleton (Vaults:4)
  3 tengu conjurers
  A harpy zombie (D:15)
  A jumping spider (Crypt:3)
  24 merfolk
  3 meliai (Lair:4)
  2 trolls (shapeshifter)
  A queen bee (Lair:4)
  2 polar bears (D:15)
  8 wind drakes
  13 trolls
  29 two-headed ogres
  51 saltlings (Desolation)
  A wind drake (shapeshifter) (Elf:3)
  An alligator zombie (Crypt:1)
  A frost giant simulacrum (Vaults:4)
  A blink frog (shapeshifter) (Depths:2)
  2 fire dragon zombies
  A bog body (Crypt:3)
  39 slime creatures
  11 snapping turtles
  2 dream sheep (shapeshifter)
  9 blink frogs
  4 ettin zombies (Crypt:3)
  12 dream sheep
  A raiju (shapeshifter) (Vaults:1)
  8 removed MONS_BOULDER_BEETLEs
  A fire dragon skeleton (Crypt:1)
  7 spriggans
  11 wraiths
  A tarantella (shapeshifter) (Vaults:1)
  8 air elementals
  2 shadows
  2 wyverns (Lair:4)
  8 water elementals
  A vampire (D:14)
  8 redbacks
  A hog (shapeshifter) (Depths:2)
  2 fire elementals
  33 yaks
  A yak (shapeshifter) (Depths:4)
  4 basilisks
  A human (shapeshifter) (Vaults:4)
  15 hippogriffs
  2 hungry ghosts
  A wind drake skeleton (Crypt:2)
  6 wargs
  2 vampire mosquitoes
  A water nymph zombie (Crypt:1)
  3 steam dragons
  4 mottled dragons
  33 nagas
  A swamp worm (shapeshifter) (Vaults:3)
  2 hell hounds (shapeshifter)
  A water moccasin (shapeshifter) (Vaults:4)
  A spiny frog zombie (Crypt:3)
  A floating eye (Depths:3)
  A floating eye (shapeshifter) (Vaults:5)
  9 porcupines
  23 water moccasins
  A soldier ant (D:10)
  Duvessa (D:3)
  33 orc warriors
  2 phantoms
  6 removed MONS_WASPs
  A snapping turtle zombie (Crypt:3)
  A manticore zombie (Crypt:3)
  2 sky beasts
  A swamp dragon zombie (Crypt:2)
  An elf zombie (Vaults:4)
  14 necrophages (Crypt:3)
  10 boggarts
  An eye of draining (D:13)
  12 ice beasts
  A wolf (D:15)
  A hog zombie (Crypt:2)
  69 ogres
  21 centaurs
  A lindwurm skeleton (Crypt:2)
  A manticore skeleton (Crypt:1)
  A swamp dragon skeleton (Crypt:2)
  12 crocodiles
  4 big kobolds
  A big kobold (shapeshifter) (Vaults:4)
  A rime drake skeleton (Crypt:2)
  17 bullfrogs
  3 earth elementals
  2 wyvern zombies
  Dowan (D:3)
  3 scorpions
  6 wyvern skeletons (Crypt:3)
  2 elf simulacra
  30 killer bees
  11 wights
  3 electric eels
  7 howler monkeys
  5 crimson imps
  4 centaur zombies
  4 bullfrog zombies
  9 hounds
  A human simulacrum (Vaults:1)
  4 bullfrog skeletons
  28 orc priests
  4 jellies
  An iron imp (Depths:1)
  5 centaur skeletons
  16 iguanas
  Ijyb (D:2)
  29 orc wizards
  14 hell rats
  10 worker ants
  A killer bee zombie (D:5)
  A naga zombie (Crypt:1)
  A crocodile skeleton (Crypt:2)
  An ogre skeleton (Crypt:1)
  A hound skeleton (D:10)
  A mummy (Crypt:3)
  2 worker ant zombies
  24 adders
  61 river rats
  4 shadow imps
  3 oozes
  3 adder skeletons
  2 adder zombies
  2 worms
  2 dart slugs
  8 leopard geckos
  An orc (shapeshifter) (Depths:4)
  109 orcs
  9 bats
  7 giant cockroaches
  15 goblins
  16 hobgoblins
  11 jackals
  29 kobolds
  6 quokkas
  2 ball pythons
  9 frilled lizards
  2 leopard gecko zombies
  A quokka skeleton (D:4)
  2 quokka zombies
  13 rats
  A plant (D:3)
  2 withered plants (Crypt:3)
2708 creatures vanquished.

Vanquished Creatures (collateral kills)
  An ancient lich (Depths:2)
  2 golden dragons (Depths:5)
  2 titans
  2 shadow dragons
  A sphinx (Depths:2)
  2 storm dragons
  A tengu reaver (Depths:3)
  2 frost giants
  3 vault wardens (Vaults:4)
  A curse skull (Crypt:3)
  2 ironheart preservers (Vaults:3)
  An entropy weaver (Depths:2)
  A vampire knight (Depths:5)
  A black draconian (Depths:5)
  An ettin (Vaults:5)
  A merfolk impaler (Shoals:3)
  A yaktaur captain (Depths:2)
  A deep elf high priest (Vaults:5)
  3 great orbs of eyes
  3 vault guards (Vaults:4)
  3 spriggan air magi (Depths:4)
  3 death knights
  An ogre mage (Depths:1)
  A tengu warrior (Depths:4)
  A spriggan berserker (Depths:4)
  3 spriggans (Depths:4)
  2 hell knights
  2 salamander mystics (Snake:4)
  2 hill giants
  2 orc knights (Orc:2)
  2 naga ritualists (Snake:4)
  A necromancer (Depths:2)
  A black mamba (Snake:3)
  A spectral swamp worm (Depths:3)
  A merfolk (Shoals:1)
  A two-headed ogre (Orc:2)
  12 nagas
  3 removed
  MONS_WASPs (Depths:4)
  9 orc warriors
  4 ogres
  3 wights
  An orc priest (Orc:1)
  4 orc wizards
  A big kobold zombie (Crypt:1)
  A shadow imp (D:12)
  3 orcs
100 creatures vanquished.

Vanquished Creatures (others)
  A deep elf master archer (Elf:3)
  A deep elf demonologist (Depths:4)
  A deep elf annihilator (Vaults:4)
  An ettin (Depths:4)
  A merfolk javelineer (Shoals:4)
  A jiangshi (Depths:4)
  2 yaktaur captains
  A peacekeeper (Desolation)
  A deep elf knight (Elf:2)
  A deep troll (Depths:4)
  A deep elf archer (Elf:2)
  A ghost (Vaults:5)
  2 yaktaurs
  47 dancing weapons
  A redback (Vaults:4)
  An orc warrior (Vaults:3)
  A wolf (Lair:3)
  A boggart (Depths:2)
  2 centaurs (Vaults:2)
  A killer bee (Lair:3)
  An orc wizard (D:5)
  An adder (D:5)
  5 river rats (Lair:3)
  3 orcs (D:5)
  18 fungi
  45 plants
  5 spectral weapons
  24 withered plants (Crypt:3)
171 creatures vanquished.

Grand Total: 2979 creatures vanquished

Notes
Turn   | Place    | Note
-------+----------+-------------------------------------------
     0 | D:1      | Gorice the Kobold Enchanter began the quest for the Orb.
     0 | D:1      | Reached XP level 1. HP: 10/10 MP: 3/3
    61 | D:1      | Reached skill level 2 in Short Blades
   101 | D:1      | Reached XP level 2. HP: 10/15 MP: 1/5
   678 | D:1      | Reached skill level 3 in Short Blades
   724 | D:1      | Reached XP level 3. HP: 19/19 MP: 4/6
   835 | D:1      | Learned a level 3 spell: Confuse
   838 | D:1      | Learned a level 2 spell: Ensorcelled Hibernation
  1742 | D:1      | Reached skill level 4 in Short Blades
  1832 | D:2      | Reached XP level 4. HP: 24/24 MP: 7/7
  2527 | D:2      | Reached XP level 5. HP: 28/28 MP: 8/8
  2598 | D:2      | Noticed a moth of wrath
  2600 | D:2      | Found a bloodstained altar of Trog.
  2668 | D:2      | Reached skill level 4 in Hexes
  2846 | D:2      | Reached skill level 5 in Short Blades
  2951 | D:2      | Found a shadowy altar of Dithmenos.
  2952 | D:2      | Found a blossoming altar of Fedhas.
  3000 | D:2      | Noticed Ijyb
  3028 | D:2      | Killed Ijyb
  3376 | D:3      | Reached XP level 6. HP: 23/32 MP: 0/9
  3777 | D:3      | Noticed an ogre
  4222 | D:3      | Learned a level 3 spell: Tukima's Dance
  4288 | D:4      | Reached skill level 6 in Short Blades
  4330 | D:4      | Noticed Dowan
  4467 | D:3      | Killed an ogre
  4467 | D:3      | Reached skill level 5 in Hexes
  4624 | D:4      | Reached XP level 7. HP: 36/36 MP: 7/10
  4638 | D:4      | Noticed Duvessa
  5243 | D:5      | Entered Level 5 of the Dungeon
  5284 | D:5      | Reached skill level 7 in Short Blades
  5943 | D:5      | Found a glowing silver altar of Zin.
  5944 | D:5      | Found a bloodstained altar of Trog.
  5947 | D:5      | Found a sparkling altar of Nemelex Xobeh.
  5984 | D:5      | Noticed a hungry ghost
  6000 | D:5      | Killed a hungry ghost
  6000 | D:5      | Reached skill level 6 in Hexes
  6189 | D:5      | Reached skill level 8 in Short Blades
  6223 | D:6      | Reached XP level 8. HP: 41/41 MP: 4/11
  6636 | D:6      | Found a staircase to the Ecumenical Temple.
  6758 | Temple   | Entered the Ecumenical Temple
  7318 | D:7      | Reached skill level 9 in Short Blades
  7502 | D:7      | Reached skill level 7 in Hexes
  7801 | D:7      | Reached XP level 9. HP: 39/45 MP: 0/12
  7823 | D:7      | Reached skill level 10 in Short Blades
  8012 | D:7      | Noticed Shenda's ghost (novice FoFi)
  8228 | D:6      | Reached skill level 8 in Hexes
  8413 | D:7      | Killed Shenda's ghost
  8413 | D:7      | Reached skill level 11 in Short Blades
  8692 | D:7      | Learned a level 3 spell: Dazzling Spray
  8776 | D:8      | Reached skill level 9 in Hexes
  8810 | D:8      | Found a deep blue altar of Sif Muna.
  9371 | D:8      | Reached skill level 12 in Short Blades
  9371 | D:8      | Reached XP level 10. HP: 50/50 MP: 2/13
  9699 | D:8      | Noticed eragonby's ghost (novice MiFi)
  9719 | D:8      | Killed eragonby's ghost
  9719 | D:8      | Reached skill level 3 in Fighting
  9719 | D:8      | Reached skill level 10 in Hexes
 10179 | D:8      | Reached skill level 4 in Fighting
 10646 | D:9      | Reached skill level 5 in Fighting
 11090 | D:9      | Found Zyn Jira's Antique Weapon Emporium.
 11121 | D:9      | Found a staircase to the Lair.
 11180 | D:9      | Found an iron altar of Okawaru.
 11187 | D:9      | Became a worshipper of Warmaster Okawaru
 11634 | Lair:1   | Entered Level 1 of the Lair of Beasts
 12193 | Lair:1   | Reached skill level 6 in Fighting
 12206 | Lair:1   | Noticed a komodo dragon
 12209 | Lair:1   | Noticed a spiny frog
 12221 | Lair:1   | Killed a spiny frog
 12221 | Lair:1   | Reached skill level 11 in Hexes
 12228 | Lair:1   | Killed a komodo dragon
 12228 | Lair:1   | Reached XP level 11. HP: 66/66 MP: 5/14
 12237 | Lair:1   | Noticed an elephant
 12269 | Lair:1   | Killed an elephant
 12269 | Lair:1   | Reached * piety under Okawaru
 12269 | Lair:1   | Reached skill level 7 in Fighting
 12269 | Lair:1   | Reached skill level 3 in Dodging
 12381 | Lair:1   | Reached skill level 4 in Dodging
 12837 | Lair:2   | Noticed a death yak
 12838 | Lair:2   | Noticed a death yak
 12839 | Lair:2   | Noticed a death yak
 12949 | D:10     | Entered Level 10 of the Dungeon
 12969 | D:9      | Reached skill level 1 in Conjurations
 13101 | D:9      | HP: 18/67 [orc warrior (11)]
 13286 | D:9      | Reached skill level 2 in Conjurations
 13290 | D:9      | Reached skill level 8 in Fighting
 13418 | D:10     | Reached ** piety under Okawaru
 13734 | D:10     | Noticed a hill giant
 13765 | D:9      | Reached skill level 3 in Conjurations
 13810 | D:10     | Killed a hill giant
 13965 | D:10     | Noticed a hill giant
 13968 | D:10     | Killed a hill giant
 13968 | D:10     | Reached *** piety under Okawaru
 13968 | D:10     | Reached skill level 9 in Fighting
 13968 | D:10     | Reached skill level 4 in Conjurations
 14023 | D:10     | Learned a level 1 spell: Summon Butterflies
 14336 | D:11     | Noticed a cyclops
 14345 | D:11     | Killed a cyclops
 14557 | D:11     | Reached skill level 5 in Conjurations
 14889 | D:11     | Reached XP level 12. HP: 77/77 MP: 1/15
 15167 | D:11     | Reached skill level 10 in Fighting
 15199 | D:11     | Reached **** piety under Okawaru
 15199 | D:11     | Received a gift from Okawaru
 15723 | D:12     | Reached skill level 6 in Conjurations
 15806 | D:12     | Reached skill level 1 in Ice Magic
 15992 | D:12     | Reached skill level 2 in Ice Magic
 16002 | D:12     | Found a basalt altar of Yredelemnul.
 16045 | D:12     | Found a staircase to the Orcish Mines.
 16255 | D:12     | Reached skill level 3 in Ice Magic
 16272 | D:12     | Reached skill level 11 in Fighting
 16405 | D:12     | Noticed an unseen horror
 16413 | D:12     | Killed an unseen horror
 16479 | D:12     | Reached ***** piety under Okawaru
 16627 | D:12     | Noticed a tengu warrior
 16641 | D:12     | Killed a tengu warrior
 16641 | D:12     | Reached skill level 4 in Ice Magic
 16726 | D:12     | Found a roughly hewn altar of Beogh.
 17088 | D:9      | Killed a death yak
 17259 | Lair:1   | Learned a level 2 spell: Blink
 17309 | Lair:2   | Noticed a seven-headed hydra
 17327 | Lair:2   | Reached skill level 5 in Ice Magic
 17349 | Lair:2   | Killed a seven-headed hydra
 17349 | Lair:2   | Received a gift from Okawaru
 17799 | Lair:1   | Killed a death yak
 17799 | Lair:1   | Reached skill level 12 in Fighting
 18052 | Lair:1   | Killed a death yak
 18052 | Lair:1   | Reached skill level 6 in Ice Magic
 18052 | Lair:1   | Reached XP level 13. HP: 61/86 MP: 1/16
 18217 | Lair:2   | You fall through a shaft for 2 floors!
 18225 | Lair:4   | Noticed Harold
 18245 | Lair:4   | Killed Harold
 18245 | Lair:4   | Reached skill level 1 in Summonings
 18245 | Lair:4   | Reached skill level 1 in Translocations
 18438 | Lair:4   | Reached skill level 2 in Translocations
 18536 | Lair:2   | Reached skill level 2 in Summonings
 18944 | Lair:2   | Found a staircase to the Snake Pit.
 19002 | Lair:2   | Received a gift from Okawaru
 19063 | Lair:2   | Reached skill level 3 in Translocations
 19276 | Lair:2   | Reached skill level 3 in Summonings
 19655 | D:8      | Identified Sif Muna's Papyrus of Darkness
 19802 | D:3      | Killed Duvessa
 19808 | D:3      | Killed Dowan
 20040 | Lair:2   | Noticed a four-headed hydra
 20081 | Lair:2   | Killed a four-headed hydra
 20671 | Lair:3   | Found a staircase to the Shoals.
 20682 | Lair:3   | Reached skill level 4 in Summonings
 20682 | Lair:3   | Reached skill level 4 in Translocations
 21044 | Lair:4   | Reached skill level 13 in Fighting
 21059 | Lair:4   | Noticed Urug
 21082 | Lair:4   | Killed Urug
 21738 | Lair:4   | Reached skill level 5 in Translocations
 21744 | Lair:4   | Reached skill level 5 in Summonings
 21911 | Lair:3   | HP: 26/88 [poisoned by a water moccasin]
 21916 | Lair:3   | HP: 24/88 [poisoned by a water moccasin]
 21921 | Lair:3   | HP: 22/88 [poisoned by a water moccasin]
 21927 | Lair:3   | HP: 21/88 [poisoned by a water moccasin]
 21934 | Lair:3   | HP: 21/88 [poisoned by a water moccasin]
 21942 | Lair:3   | HP: 21/88 [poisoned by a water moccasin]
 22539 | Lair:3   | Reached ****** piety under Okawaru
 22824 | Lair:3   | HP: 24/88 [killer bee (7)]
 22829 | Lair:3   | HP: 19/88 [killer bee (2)]
 23198 | Lair:3   | Received a gift from Okawaru
 23496 | Lair:4   | Reached skill level 6 in Translocations
 23908 | Lair:4   | Reached XP level 14. HP: 86/95 MP: 12/17
 24145 | Lair:5   | Reached skill level 14 in Fighting
 24552 | Lair:5   | Found a viscous altar of Jiyva.
 24558 | Lair:5   | Found a staircase to the Slime Pits.
 25167 | Lair:5   | Found a hide-covered altar of Uskayaw.
 25411 | Lair:5   | Reached skill level 3 in Spellcasting
 25703 | Lair:1   | Learned a level 2 spell: Repel Missiles
 25943 | Lair:6   | Entered Level 6 of the Lair of Beasts
 25973 | Lair:6   | Got a slimy falchion
 25974 | Lair:6   | Identified the +6 falchion of Gorice's Terror {slice, rN+ Dex+2} (You found it on level 6 of the Lair of Beasts)
 26033 | Lair:6   | Got a twisted quarterstaff
 26588 | Lair:5   | Reached skill level 15 in Fighting
 26588 | Lair:5   | Reached skill level 4 in Spellcasting
 26905 | Lair:6   | Reached skill level 1 in Invocations
 27078 | Lair:6   | Reached skill level 5 in Dodging
 27078 | Lair:6   | Reached skill level 2 in Invocations
 27537 | Lair:6   | Received a gift from Okawaru
 27537 | Lair:6   | Reached skill level 3 in Invocations
 27538 | Lair:6   | Got a warped dagger {god gift}
 27588 | Lair:6   | Identified the +1 dagger "Aqukhell" {holy, +Inv rPois Str+2} (Okawaru gifted it to you on level 6 of the Lair of Beasts)
 27895 | Lair:6   | Reached skill level 6 in Dodging
 28087 | Lair:6   | Reached skill level 4 in Invocations
 28798 | Lair:6   | Reached skill level 7 in Dodging
 28798 | Lair:6   | Reached skill level 5 in Invocations
 29817 | Lair:6   | Reached skill level 6 in Invocations
 29821 | Lair:6   | Reached XP level 15. HP: 103/103 MP: 13/21
 29837 | Lair:6   | Reached skill level 8 in Dodging
 30131 | Lair:6   | HP: 24/103 [death yak (19)]
 30229 | Lair:5   | HP: 29/103 [porcupine's spines (14)]
 30696 | Lair:6   | HP: 30/103 [seven-headed hydra (9)]
 30848 | Lair:6   | Reached skill level 7 in Invocations
 31412 | Lair:4   | Received a gift from Okawaru
 31412 | Lair:4   | Reached skill level 9 in Dodging
 31413 | Lair:4   | Got a polished dagger {god gift}
 31414 | Lair:4   | Identified the +12 dagger of the Snake Pit {flame, MR+} (Okawaru gifted it to you on level 4 of the Lair of Beasts)
 31637 | Orc:1    | Entered Level 1 of the Orcish Mines
 31815 | Orc:2    | Entered Level 2 of the Orcish Mines
 31885 | Orc:2    | Found a roughly hewn altar of Beogh.
 31893 | Orc:2    | Found a staircase to the Elven Halls.
 32706 | Orc:1    | Reached skill level 8 in Invocations
 33370 | Orc:2    | Found Hyabudd's Distillery.
 33640 | Orc:2    | Reached skill level 10 in Dodging
 34365 | Orc:2    | Received a gift from Okawaru
 34365 | Orc:2    | Reached skill level 9 in Invocations
 34698 | Orc:2    | Found Ziopt's Gadget Boutique.
 34699 | Orc:2    | Found Niupi's Weapon Emporium.
 34699 | Orc:2    | Found Vokh's Weapon Emporium.
 34760 | Orc:2    | Bought a potion of invisibility for 112 gold pieces
 34760 | Orc:2    | Bought a potion of brilliance for 56 gold pieces
 35535 | D:13     | Reached skill level 11 in Dodging
 36126 | D:14     | Noticed Nessos
 36146 | D:14     | Killed Nessos
 36160 | D:14     | Reached skill level 10 in Invocations
 36163 | D:14     | Found a gate to the Vaults.
 36401 | D:14     | Reached skill level 1 in Evocations
 36620 | D:14     | Noticed Louise
 36625 | D:14     | Killed Louise
 36625 | D:14     | Reached skill level 2 in Evocations
 36629 | D:14     | Upgraded the game from 0.19-a0-1260-gc94d3f7 to 0.19-a0-1268-g6c5d9f8
 36728 | D:14     | Reached skill level 3 in Evocations
 36806 | D:14     | Reached XP level 16. HP: 100/108 MP: 3/23
 36915 | D:15     | Entered Level 15 of the Dungeon
 36915 | D:15     | Found a staircase to the Depths.
 36915 | D:15     | Noticed a fire giant
 37003 | D:15     | Received a gift from Okawaru
 37030 | D:15     | Found a frozen archway.
 37038 | D:15     | Reached skill level 12 in Dodging
 37038 | D:15     | Reached skill level 4 in Evocations
 37219 | IceCv    | Entered an ice cave
 37238 | IceCv    | Reached skill level 5 in Evocations
 37458 | IceCv    | Got an ancient rapier
 37495 | IceCv    | Identified the +6 rapier of Tashuoraurr {freeze, *Drain rF+++ rN+ MR+} (You found it in an ice cave)
 37631 | D:13     | HP: 32/108 [catoblepas (7)]
 37768 | Lair:1   | Identified a scroll of acquirement
 38721 | D:15     | Reached skill level 6 in Evocations
 39300 | D:14     | Reached skill level 13 in Dodging
 39408 | D:14     | Received a gift from Okawaru
 39740 | D:15     | Reached skill level 7 in Evocations
 39756 | D:15     | Killed a fire giant
 40142 | Snake:1  | Entered Level 1 of the Snake Pit
 40462 | Snake:1  | Noticed a greater naga
 40502 | Snake:1  | Killed a greater naga
 40502 | Snake:1  | Reached skill level 8 in Evocations
 41274 | Snake:1  | Reached skill level 14 in Dodging
 41302 | Snake:1  | Reached skill level 9 in Evocations
 41597 | Snake:2  | Received a gift from Okawaru
 41763 | Snake:2  | Found Veif's Jewellery Emporium.
 41764 | Snake:2  | Found Hysy's Gadget Boutique.
 41765 | Snake:2  | Found Kigag's Jewellery Emporium.
 41775 | Snake:2  | Bought the ring of Ytiqif {rPois rN+ Dex+3 Slay+2} for 854 gold pieces
 41937 | Snake:2  | Noticed Vashnia
 42128 | Snake:2  | Noticed Donald
 42165 | Snake:2  | HP: 16/108 [Donald/eveningstar of protection (28)]
 42435 | Snake:2  | Noticed a greater naga
 42453 | Snake:2  | Killed a greater naga
 43030 | Snake:2  | HP: 18/108 [Donald/eveningstar of protection (20)]
 43438 | Shoals:1 | Entered Level 1 of the Shoals
 43724 | Lair:3   | Reached skill level 5 in Spellcasting
 43779 | Shoals:1 | Reached XP level 17. HP: 89/113 MP: 16/24
 44797 | Shoals:1 | Reached skill level 15 in Dodging
 44797 | Shoals:1 | Reached skill level 6 in Spellcasting
 45369 | Shoals:2 | Received a gift from Okawaru
 45370 | Shoals:2 | Got a scorched rapier {god gift}
 45422 | Shoals:2 | Identified the +6 rapier of Fighting Over It {drain, rPois rC+ SInv} (Okawaru gifted it to you on level 2 of the Shoals)
 45462 | Shoals:2 | Reached skill level 7 in Spellcasting
 45823 | Shoals:3 | Found Lotzybil's Antique Armour Boutique.
 45974 | Shoals:3 | Noticed hairmachine's ghost (journeyman MfGl)
 46015 | Shoals:3 | Bought a faintly humming leather armour for 224 gold pieces
 46016 | Shoals:3 | Identified the +3 leather armour "Plog" {rCorr SInv Stlth+} (You bought it in a shop on level 3 of the Shoals)
 46044 | Shoals:3 | Killed hairmachine's ghost
 46633 | Shoals:3 | Reached skill level 16 in Dodging
 46827 | Shoals:3 | --wow a stack of 2 ?acquire!
 46844 | Shoals:3 | Received a gift from Okawaru
 46910 | Shoals:3 | Reached skill level 5 in Stealth
 46910 | Shoals:3 | Reached skill level 8 in Spellcasting
 47330 | Snake:2  | Killed Donald
 47330 | Snake:2  | Reached skill level 6 in Stealth
 47822 | Snake:2  | HP: 32/113 [Vashnia/arrow (6)]
 47847 | Snake:2  | Reached skill level 7 in Stealth
 48421 | Snake:3  | Found Goeth's Book Shop.
 48428 | Snake:3  | Found a radiant altar of Vehumet.
 48434 | Snake:3  | Reached skill level 1 in Shields
 48452 | Snake:3  | Bought a book of Cantrips for 280 gold pieces
 48454 | Snake:3  | Learned a level 1 spell: Apportation
 48755 | Snake:3  | Reached skill level 9 in Spellcasting
 48755 | Snake:3  | Reached XP level 18. HP: 119/119 MP: 23/31
 48787 | Snake:3  | Reached skill level 2 in Shields
 49135 | Snake:3  | Reached skill level 3 in Shields
 49284 | Snake:3  | Reached skill level 8 in Stealth
 49378 | Snake:3  | Received a gift from Okawaru
 49457 | Snake:3  | Reached skill level 1 in Throwing
 49574 | Snake:2  | Bought a wand of flame (16/48) for 117 gold pieces
 49608 | Snake:1  | Reached skill level 4 in Shields
 49723 | Snake:4  | Entered Level 4 of the Snake Pit
 49803 | Snake:4  | Reached skill level 2 in Throwing
 49805 | Snake:4  | Found a ruined silver gateway.
 49927 | Desolati | Entered the Desolation of Salt
 50221 | Desolati | Reached skill level 5 in Shields
 50229 | Desolati | Reached skill level 3 in Throwing
 50770 | Desolati | Reached skill level 4 in Throwing
 50794 | Desolati | Reached skill level 6 in Shields
 51532 | Desolati | Reached skill level 5 in Throwing
 51570 | Desolati | Reached skill level 7 in Shields
 52086 | Desolati | Reached skill level 6 in Throwing
 52090 | Desolati | Got a shimmering hunting sling
 52185 | Desolati | Reached skill level 1 in Charms
 52383 | Desolati | Reached skill level 7 in Throwing
 52383 | Desolati | Reached skill level 2 in Charms
 52383 | Desolati | Reached XP level 19. HP: 123/124 MP: 29/32
 52850 | Desolati | Reached skill level 3 in Charms
 53118 | Snake:4  | Received a gift from Okawaru
 53119 | Snake:4  | Got a brightly glowing robe {god gift}
 53121 | Snake:4  | Identified the +0 robe of the Hidden Vale {rF- Int+3 Dex+4} (Okawaru gifted it to you on level 4 of the Snake Pit)
 53147 | Snake:4  | Reached skill level 8 in Throwing
 53683 | Snake:4  | Reached skill level 4 in Charms
 54610 | Snake:3  | Reached skill level 9 in Throwing
 54984 | Snake:4  | Reached skill level 5 in Charms
 55504 | Snake:4  | Reached skill level 10 in Throwing
 55841 | Snake:4  | Reached skill level 1 in Armour
 55910 | Snake:4  | Reached skill level 6 in Charms
 56315 | Snake:4  | Reached skill level 2 in Armour
 56375 | Snake:4  | Received a gift from Okawaru
 56914 | Snake:4  | Reached skill level 3 in Armour
 57169 | Snake:4  | Received a gift from Okawaru
 57258 | Snake:4  | Reached skill level 10 in Evocations
 57350 | Snake:4  | Reached XP level 20. HP: 92/129 MP: 3/33
 57624 | Snake:4  | Received a gift from Okawaru
 57629 | Snake:4  | Got a scorched quick blade {god gift}
 57636 | Snake:4  | Identified the +1 quick blade of the Old World {flame, rPois MR- Int+8} (Okawaru gifted it to you on level 4 of the Snake Pit)
 57825 | Snake:4  | Reached skill level 4 in Armour
 58091 | Snake:4  | Got a serpentine rune of Zot
 58295 | Lair:1   | Learned a level 3 spell: Ozocubu's Armour
 58301 | Lair:1   | Learned a level 5 spell: Summon Mana Viper
 58459 | Vaults:1 | Entered Level 1 of the Vaults
 58700 | Vaults:1 | Found a shadowy altar of Dithmenos.
 58926 | Vaults:1 | Got a pair of faintly glowing gloves
 58937 | Vaults:1 | Identified the cursed -2 pair of gloves of Liberty {*Contam rN++ MR+ Stlth+} (You found it on level 1 of the Vaults)
 58987 | Vaults:1 | Reached skill level 11 in Evocations
 59094 | Vaults:1 | Reached skill level 5 in Armour
 59664 | Vaults:1 | Received a gift from Okawaru
 59758 | Vaults:1 | Reached skill level 6 in Armour
 59758 | Vaults:1 | Reached skill level 12 in Evocations
 59917 | Vaults:1 | Received a gift from Okawaru
 59921 | Vaults:1 | Got a scorched demon whip {god gift}
 59922 | Vaults:1 | Identified the +3 demon whip of Cocytus {drain, MR+} (Okawaru gifted it to you on level 1 of the Vaults)
 60864 | Vaults:2 | Reached skill level 6 in Summonings
 61905 | Vaults:2 | You fall through a shaft!
 61993 | Vaults:3 | HP: 33/130 [balrug/demon whip[a lich] (12)]
 62340 | Vaults:3 | Received a gift from Okawaru
 62627 | Vaults:2 | Reached XP level 21. HP: 136/136 MP: 31/34
 62649 | Vaults:2 | Reached skill level 7 in Summonings
 62967 | Vaults:2 | Reached skill level 8 in Summonings
 62967 | Vaults:2 | Reached XP level 22. HP: 141/141 MP: 35/35
 62983 | Vaults:2 | Reached skill level 9 in Summonings
 63030 | Vaults:2 | Reached skill level 17 in Dodging
 63414 | Vaults:2 | Reached skill level 16 in Fighting
 63789 | Vaults:2 | Found Uddam's Jewellery Emporium.
 63812 | Vaults:2 | Bought a +6 ring of slaying for 1581 gold pieces
 64118 | Vaults:3 | Noticed Saint Roka
 64669 | Vaults:3 | Killed Saint Roka
 65204 | Vaults:3 | Received a gift from Okawaru
 65236 | Vaults:3 | Got a shimmering rapier {god gift}
 65237 | Vaults:3 | Identified the +9 rapier of Dotomar {venom, rElec rC- Str+3 Dex+3} (Okawaru gifted it to you on level 3 of the Vaults)
 65558 | Vaults:3 | Got a faintly humming fire dragon armour
 65648 | Vaults:3 | Identified the cursed +1 fire dragon armour of Xiptyuqawo {rF++ rC- Dex+2 Stlth+} (You found it on level 3 of the Vaults)
 65739 | Vaults:3 | Reached skill level 18 in Dodging
 65739 | Vaults:3 | Reached skill level 12 in Hexes
 65807 | Vaults:3 | Found a staircase to the Crypt.
 66007 | Vaults:3 | HP: 31/144 [white very ugly thing (37)]
 66060 | Vaults:2 | HP: 38/144 [white very ugly thing (11)]
 66060 | Vaults:2 | HP: 2/144 [white very ugly thing (36)]
 66532 | Vaults:3 | Reached skill level 17 in Fighting
 66559 | Vaults:3 | Received a gift from Okawaru
 66742 | Vaults:3 | Received a gift from Okawaru
 66775 | Vaults:3 | HP: 26/144 [yaktaur captain/bolt (24)]
 66778 | Vaults:3 | HP: 11/144 [shadow dragon/bolt of negative energy (4)]
 66783 | Vaults:3 | Reached XP level 23. HP: 14/149 MP: 8/36
 66783 | Vaults:3 | HP: 8/149 [shadow dragon/bolt of negative energy (6)]
 66788 | Vaults:3 | HP: 9/149 [storm dragon/bolt of lightning (13)]
 67561 | Vaults:3 | Received a gift from Okawaru
 67564 | Vaults:3 | Got a pair of warped gloves {god gift}
 67580 | Vaults:3 | Identified the -2 pair of gloves of Untruth {*Corrode rElec rN+++ Str+5 Int-2} (Okawaru gifted it to you on level 3 of the Vaults)
 67983 | Vaults:3 | HP: 45/150 [deep troll[an ironheart preserver] (6)]
 68701 | Vaults:3 | Reached skill level 13 in Hexes
 69737 | Lair:1   | Upgraded the game from 0.19-a0-1268-g6c5d9f8 to 0.19-a0-1292-g796ee4d
 69760 | Lair:1   | Learned a level 5 spell: Silence
 70217 | Vaults:4 | Reached skill level 19 in Dodging
 70294 | Vaults:3 | Reached skill level 1 in Air Magic
 70445 | Vaults:4 | Reached skill level 2 in Air Magic
 71039 | Vaults:4 | Reached skill level 3 in Air Magic
 71293 | Vaults:4 | Reached skill level 18 in Fighting
 71422 | Vaults:4 | Found Unaowao's Book Boutique.
 71677 | Vaults:4 | Received a gift from Okawaru
 71694 | Vaults:4 | Noticed Frederick
 71844 | Vaults:4 | Reached skill level 4 in Air Magic
 72304 | Vaults:4 | Killed Frederick
 72318 | Vaults:4 | Received a gift from Okawaru
 72327 | Vaults:4 | Got a pair of faintly humming gloves {god gift}
 72385 | Vaults:4 | Identified the +0 pair of gloves of the Failed Coup {Int+4} (Okawaru gifted it to you on level 4 of the Vaults)
 72523 | Vaults:4 | Reached skill level 5 in Air Magic
 72671 | Vaults:4 | Reached XP level 24. HP: 140/159 MP: 28/36
 73835 | Vaults:3 | Reached skill level 6 in Air Magic
 73842 | Crypt:1  | Entered Level 1 of the Crypt
 73903 | Vaults:3 | HP: 32/159 [??? (16)]
 74779 | Crypt:1  | Reached skill level 20 in Dodging
 74925 | Crypt:1  | HP: 44/159 [vampire knight/vampiric draining (6)]
 74931 | Crypt:1  | HP: 37/159 [eidolon/bolt of negative energy (5)]
 75796 | Crypt:2  | Identified Ciqytt's Volume of Aerial Summoning
 75818 | Crypt:2  | Reached skill level 7 in Air Magic
 76774 | Crypt:2  | Learned a level 4 spell: Summon Lightning Spire
 76888 | Crypt:3  | Entered Level 3 of the Crypt
 76926 | Crypt:3  | Received a gift from Okawaru
 77342 | Crypt:3  | Got a crude brass ring
 77346 | Crypt:3  | Identified the ring of the Solstice {Fire -Tele rElec Int+3} (You found it on level 3 of the Crypt)
 77460 | Crypt:3  | Found a basalt altar of Yredelemnul.
 77596 | Crypt:3  | Reached skill level 19 in Fighting
 77690 | Crypt:3  | Reached skill level 8 in Air Magic
 77968 | Crypt:3  | Received a gift from Okawaru
 77983 | Crypt:3  | Got a polished lajatang {god gift}
 77998 | Crypt:3  | Identified the +8 lajatang of Turmoil {freeze, Dex+3 SInv} (Okawaru gifted it to you on level 3 of the Crypt)
 78104 | Crypt:3  | Identified the Compendium of Evil
 78256 | Crypt:3  | HP: 38/160 [flayed ghost/flay_damage (19)]
 78826 | Crypt:3  | Received a gift from Okawaru
 78867 | Crypt:3  | Reached XP level 25. HP: 123/166 MP: 20/36
 79092 | Crypt:3  | Reached skill level 10 in Spellcasting
 79358 | Crypt:3  | Found a staircase to the Tomb.
 79471 | Crypt:3  | Reached skill level 21 in Dodging
 79584 | Crypt:3  | Received a gift from Okawaru
 79998 | Crypt:3  | Received a gift from Okawaru
 79999 | Crypt:3  | Got a faintly glowing rapier {god gift}
 80000 | Crypt:3  | Identified the +11 rapier of Kindness {venom, rN+++ Str-2} (Okawaru gifted it to you on level 3 of the Crypt)
 80025 | Crypt:3  | HP: 35/167 [??? (20)]
 80030 | Crypt:3  | HP: 24/167 [??? (12)]
 81292 | Vaults:3 | HP: 35/168 [flayed ghost/flay_damage[a curse skull] (18)]
 81914 | Elf:1    | Entered Level 1 of the Elven Halls
 83206 | Elf:2    | Reached skill level 20 in Fighting
 83262 | Elf:2    | Received a gift from Okawaru
 83576 | Elf:2    | Found a huge runed gate.
 83576 | Elf:2    | Found a huge runed gate.
 83576 | Elf:2    | Found a huge runed gate.
 83577 | Elf:2    | Found a huge runed gate.
 83579 | Elf:2    | Found a huge runed gate.
 83677 | Elf:2    | Reached skill level 11 in Spellcasting
 83773 | Elf:2    | Received a gift from Okawaru
 83774 | Elf:2    | Got a spiked plate armour {god gift}
 83998 | Elf:2    | Noticed Agnes
 85109 | Elf:2    | Killed Agnes
 85435 | Lair:1   | Identified the +10 plate armour of Kedetank {Str+5} (Okawaru gifted it to you on level 2 of the Elven Halls)
 85460 | Lair:1   | Identified the +2 quarterstaff of Nyng {drain, Str+5} (You found it on level 6 of the Lair of Beasts)
 85689 | Elf:3    | Entered Level 3 of the Elven Halls
 85908 | Elf:3    | Noticed Roxanne
 85989 | Elf:3    | Noticed Asterion
 85989 | Elf:3    | Noticed Mara
 86047 | Elf:3    | Killed Mara
 86047 | Elf:3    | Reached skill level 22 in Dodging
 86047 | Elf:3    | Reached XP level 26. HP: 175/175 MP: 37/38
 86061 | Elf:3    | Killed Asterion
 86073 | Elf:3    | HP: 47/175 [trident of venom (8)]
 86078 | Elf:3    | HP: 44/175 [poisoned by a trident of venom]
 86083 | Elf:3    | HP: 42/175 [poisoned by a trident of venom]
 86088 | Elf:3    | HP: 39/175 [poisoned by a trident of venom]
 86095 | Elf:3    | HP: 38/175 [poisoned by a trident of venom]
 86101 | Elf:3    | HP: 38/175 [poisoned by a trident of venom]
 86108 | Elf:3    | HP: 39/175 [poisoned by a trident of venom]
 86116 | Elf:3    | HP: 40/175 [poisoned by a trident of venom]
 87197 | Elf:3    | Killed Roxanne
 87198 | Elf:3    | Identified Roxanne's Compendium of Clay (You took it off Roxanne on level 3 of the Elven Halls)
 87342 | Elf:3    | Reached skill level 12 in Spellcasting
 87372 | Elf:3    | Received a gift from Okawaru
 87380 | Elf:3    | Got a twisted ring mail {god gift}
 87438 | Elf:3    | Identified the +1 ring mail "Cuiqinel" {rF+ Str+2} (Okawaru gifted it to you on level 3 of the Elven Halls)
 87854 | Elf:3    | Reached skill level 10 in Summonings
 88025 | Elf:3    | HP: 41/176 [deep elf blademaster/rapier (13)]
 88391 | Elf:3    | Got a heavily runed lead amulet
 88406 | Elf:3    | Got a smoking leather armour
 88711 | Lair:1   | Identified the amulet "Viaquth" {Harm *Drain +Blink MR+ SInv} (You took it off a deep elf demonologist on level 3 of the Elven Halls)
 88735 | Lair:1   | Identified the cursed +1 leather armour of Abstinence {rElec rF+ rN+ Int+3} (You took it off a deep elf demonologist on level 3 of the Elven Halls)
 88988 | Elf:3    | HP: 52/176 [deep elf death mage/translucent falchion {pain} (2)]
 88994 | Elf:3    | Reached skill level 21 in Fighting
 89409 | Elf:3    | Identified Mimeupp's Volume of Cankerous Moulding
 89413 | Elf:3    | Got a warped long sword
 89416 | Elf:3    | Identified the Guide on the Ashen Escort
 89449 | Elf:3    | Got a crystal dagger
 89450 | Elf:3    | Identified the +7 dagger of Reapportionment {freeze, Str+2} (You found it on level 3 of the Elven Halls)
 89452 | Elf:3    | Identified the cursed +1 long sword of Defiance {drain, +Inv rN++ Str-3} (You found it on level 3 of the Elven Halls)
 89889 | Depths:1 | Entered Level 1 of the Depths
 90626 | Depths:1 | Found a gateway to Hell.
 91255 | Depths:1 | Upgraded the game from 0.19-a0-1292-g796ee4d to 0.19-a0-1320-g0178847
 91316 | Depths:2 | Reached skill level 11 in Summonings
 91625 | Depths:1 | Received a gift from Okawaru
 91721 | Depths:1 | Reached skill level 13 in Spellcasting
 91918 | Depths:2 | Identified the Tome of Flamy Clay
 92128 | Depths:2 | HP: 40/177 [fire giant/fireball (44)]
 92469 | Snake:3  | Bought a book of Burglary for 1050 gold pieces
 92472 | Snake:3  | Learned a level 2 spell: Passwall
 92479 | Snake:3  | Learned a level 6 spell: Darkness
 92482 | Snake:3  | Learned a level 2 spell: Swiftness
 92606 | Lair:1   | Learned a level 6 spell: Shadow Creatures
 93308 | Depths:2 | Reached XP level 27. HP: 162/183 MP: 14/40
 93716 | Depths:2 | HP: 55/184 [flayed ghost/flay_damage (23)]
 93722 | Depths:2 | HP: 36/184 [flayed ghost/flay_damage (20)]
 94025 | Depths:2 | Noticed an ancient lich
 94272 | Depths:1 | Reached skill level 12 in Summonings
 94584 | Depths:2 | Got an ivory short sword {pain}
 94585 | Depths:2 | Identified the +7 short sword "Jazxafem" {pain, Int+4 Stlth+} (You took it off a boggart on level 2 of the Depths)
 94865 | Depths:2 | Reached skill level 22 in Fighting
 94879 | Depths:2 | Received a gift from Okawaru
 94986 | Depths:2 | Killed an ancient lich
 94986 | Depths:2 | Reached skill level 14 in Spellcasting
 95815 | Depths:3 | Found a gateway to a ziggurat.
 96061 | Depths:3 | Reached skill level 14 in Hexes
 96198 | Depths:3 | Found a one-way gate leading to the halls of Pandemonium.
 96514 | Depths:3 | HP: 55/184 [fire giant/great sword of flaming (6)]
 97179 | Depths:3 | Reached skill level 13 in Summonings
 97546 | Depths:4 | Found a one-way gate to the infinite horrors of the Abyss.
 97929 | Depths:3 | Received a gift from Okawaru
 97929 | Depths:3 | Reached skill level 9 in Stealth
 98513 | Depths:3 | Received a gift from Okawaru
 98797 | Depths:4 | Reached skill level 10 in Stealth
 99180 | Depths:4 | Reached skill level 15 in Spellcasting
 99203 | Depths:4 | Reached skill level 15 in Hexes
 99522 | Depths:4 | Reached skill level 1 in Earth Magic
 99718 | Depths:4 | Reached skill level 2 in Earth Magic
 99804 | Depths:4 | Reached skill level 3 in Earth Magic
100058 | Depths:4 | Received a gift from Okawaru
100345 | Depths:4 | Reached skill level 4 in Earth Magic
100607 | Depths:4 | Reached skill level 5 in Earth Magic
100636 | Depths:4 | Reached skill level 14 in Summonings
100654 | Depths:4 | HP: 40/184 [spriggan berserker/antimagic hand axe[a spriggan defender] (21)]
101452 | Depths:4 | Reached skill level 6 in Earth Magic
101724 | Depths:4 | Received a gift from Okawaru
102560 | Depths:5 | Entered Level 5 of the Depths
102579 | Depths:5 | Reached skill level 13 in Evocations
102981 | Depths:5 | Received a gift from Okawaru
102981 | Depths:5 | Reached skill level 15 in Summonings
103245 | Depths:5 | Received a gift from Okawaru
103246 | Depths:5 | Got an encrusted dagger {god gift}
103247 | Depths:5 | Identified the +4 dagger "Jeitt" {pain, -Tele *Rage Str+9 Int+6} (Okawaru gifted it to you on level 5 of the Depths)
103316 | Depths:5 | Reached skill level 14 in Evocations
103832 | Depths:5 | Reached skill level 15 in Evocations
103900 | Depths:5 | Found a gate to the Realm of Zot.
104623 | Vaults:5 | Entered Level 5 of the Vaults
104762 | Vaults:4 | Received a gift from Okawaru
104900 | Vaults:4 | Reached skill level 11 in Throwing
106044 | Vaults:4 | Upgraded the game from 0.19-a0-1320-g0178847 to 0.19-a0-1341-g3513869
106242 | Vaults:5 | Reached skill level 12 in Throwing
106285 | Vaults:5 | Received a gift from Okawaru
106679 | Vaults:5 | Got a silver rune of Zot
106686 | Vaults:5 | Got a twisted buckler
106697 | Vaults:5 | Identified the +3 buckler of Disaster {*Drain +Blink rCorr} (You found it on level 5 of the Vaults)
107173 | Vaults:4 | Reached skill level 23 in Fighting
107444 | Vaults:5 | Reached skill level 13 in Throwing
107475 | Vaults:5 | Upgraded the game from 0.19-a0-1341-g3513869 to 0.19-a0-1365-gb34f4cb
107505 | Vaults:5 | Received a gift from Okawaru
107731 | Vaults:5 | Noticed an ancient lich
107768 | Vaults:5 | Killed an ancient lich
107938 | Vaults:5 | HP: 56/188 [titan (20)]
107946 | Vaults:5 | HP: 46/188 [yaktaur captain (12)]
107970 | Vaults:5 | HP: 38/188 [quicksilver dragon/bolt of dispelling energy (16)]
107984 | Vaults:4 | HP: 34/188 [quicksilver dragon (7)]
108458 | Vaults:4 | Received a gift from Okawaru
108458 | Vaults:4 | Reached skill level 14 in Throwing
108971 | Vaults:5 | Identified the Catalogue of Supportive Malediction
109043 | Vaults:5 | Got a smoking iron amulet
109178 | Vaults:5 | Received a gift from Okawaru
109179 | Vaults:5 | Got an ebony short sword {god gift}
109180 | Vaults:5 | Identified the +3 short sword of Yrousequ {venom, rPois} (Okawaru gifted it to you on level 5 of the Vaults)
109892 | Vaults:4 | Identified the amulet "Qebikkea" {rF+ MR+ Regen+ Str-2} (You found it on level 5 of the Vaults)
109894 | Vaults:4 | Reached skill level 16 in Spellcasting
109894 | Vaults:4 | Upgraded the game from 0.19-a0-1365-gb34f4cb to 0.19-a0-1686-g35356ef
109894 | Vaults:4 | Upgraded the game from 0.19-a0-1686-g35356ef to 0.19-a0-1886-gd64a0f0
110404 | Vaults:5 | Got a shimmering morningstar {freeze}
110405 | Vaults:5 | Identified the +6 morningstar of the Valley {freeze, *Drain rPois Str+3 Dex-2} (You took it off a vault warden on level 5 of the Vaults)
110529 | Vaults:5 | Got a turquoise-encrusted ring mail
110670 | Vaults:5 | Got an amber-encrusted leather armour
110671 | Vaults:5 | Identified the +4 ring mail of the Other World {rF- Dex+7} (You found it on level 5 of the Vaults)
110673 | Vaults:5 | Identified the +1 leather armour of Circular Logic {*Drain rPois Int+4} (You found it on level 5 of the Vaults)
110757 | Vaults:5 | Learned a level 3 spell: Spectral Weapon
110761 | Vaults:5 | Learned a level 3 spell: Regeneration
110766 | Vaults:5 | Got an ancient scale mail
110767 | Vaults:5 | Identified the +3 scale mail of Liamipt {*Drain rF+ rCorr} (You found it on level 5 of the Vaults)
111640 | Vaults:3 | Reached skill level 24 in Fighting
111874 | Vaults:2 | Reached skill level 15 in Throwing
112314 | Shoals:4 | Entered Level 4 of the Shoals
112368 | Shoals:4 | Noticed Ilsuiw
112408 | Shoals:4 | Got a barnacled rune of Zot
112594 | Shoals:3 | Killed Ilsuiw
112907 | Shoals:4 | Received a gift from Okawaru
113350 | Shoals:4 | Got a transparent plate armour
113373 | Shoals:4 | Identified the +5 plate armour of Inquiry {rC+ Str-3 Dex+4 SInv} (You found it on level 4 of the Shoals)
113995 | Lair:1   | Upgraded the game from 0.19-a0-1886-gd64a0f0 to 0.20-a0-3-g334f831
114182 | Orc:2    | Bought a potion of cure mutation for 350 gold pieces
114393 | Zot:1    | Entered Level 1 of the Realm of Zot
114415 | Zot:1    | Reached skill level 1 in Long Blades
114434 | Zot:1    | Reached skill level 2 in Long Blades
114647 | Zot:1    | Received a gift from Okawaru
114648 | Zot:1    | Got a translucent rapier {god gift}
114649 | Zot:1    | Identified the +9 rapier "Leacas" {antimagic, Str+5 Int+2 Dex-5} (Okawaru gifted it to you on level 1 of the Realm of Zot)
114702 | Zot:1    | Reached skill level 3 in Long Blades
114790 | Zot:1    | Reached skill level 4 in Long Blades
114802 | Zot:1    | Reached skill level 25 in Fighting
114888 | Zot:1    | Reached skill level 5 in Long Blades
115035 | Zot:1    | Reached skill level 6 in Long Blades
115046 | Zot:1    | Received a gift from Okawaru
115237 | Zot:1    | Reached skill level 7 in Long Blades
116282 | Zot:3    | Reached skill level 8 in Long Blades
116526 | Zot:3    | HP: 57/193 [death cob (19)]
116531 | Zot:2    | HP: 18/193 [death cob (26)]
116531 | Zot:2    | HP: 4/193 [moth of wrath (14)]
116534 | Zot:2    | Mangled by a death cob

Vault maps used:
D:1:      dpeg_arrival_round_c, minmay_quantized
D:2:      kennysheep_goblin_castle, minitemple, first_bread, serial_park_tiny_2,
          tgw_trog
D:3:      serial_bayou, serial_bayou_shore_a, serial_bayou_ford_a,
          serial_bayou_pond_c, serial_bayou_pond_e, serial_bayou_lagoon_a,
          mrwooster_statue_mirror
D:4:      uniq_duvessa
D:5:      grunt_temple_overflow_open, serial_bayou_pond_d, lemuel_flamethrower_2
D:7:      hangedman_decor_clover_reticule
D:8:      led_sif_book
D:9:      marbit_many_paths, lair_0_dummy, serial_shops, shop
D:12:     minmay_orc_entry_temple_small, grunt_tengu_nest,
          yredelemnul_altar_generic
D:14:     erik_vaults_1, uniq_nessos, uniq_louise
D:15:     grunt_enter_depths_giant_problem, minmay_misc_feat_alley,
          portal_ice_cave_entry_animals_and_master, corexii_checkpoint_b
Temple:   eino_temple_water
Lair:1:   grunt_forest_large_clearing_hut
Lair:2:   minmay_snake_entry_six_corridors, serial_bayou_lake_a,
          serial_bayou_shore_b, infiniplex_staircase_pool_2
Lair:3:   minmay_shoals_entry_hut, serial_bayou_pond_e, lemuel_old_faithful
Lair:4:   regret_index_tunnel_blossom, uniq_urug, uniq_harold
Lair:5:   boulder_quad_collide, slime_altar_1, basic_altar,
          bobbens_dragon_lair_wall
Lair:6:   evilmike_catoblepas_cave, disabler_island
Shoals:3: serial_shops, shop
Shoals:4: shoals_end_simple, shoal_ilsuiw
Snake:1:  serial_bayou_pond_b, spider_trap, grunt_ministairs_11
Snake:2:  minmay_snake_pond, minmay_shop_grove, uniq_vashnia, uniq_donald
Snake:3:  serial_shops, nicolae_shop_trees, basic_altar, grunt_ministairs_3
Snake:4:  grunt_snake_rune_serpentine_throne, spider_trap,
          portal_desolation_entry_twin_temple
Orc:2:    st_orc_elflike, basic_altar
Elf:1:    elf_arrival_001
Elf:2:    uniq_agnes
Elf:3:    elf_hall, uniq_asterion, uniq_roxanne, uniq_mara
Vaults:1: nicolae_vaults_disjoint_gnomons, nicolae_vaults_circle_grid_a,
          hangedman_vaults_impose, grunt_vaults_bifocal, st_cross,
          v_alt_pattern_3, v_pattern_3, ontoclasm_vaults_ring_small,
          hangedman_vaults_variations, ontoclasm_vaults_ligature,
          v_alt_pattern_2, basic_altar
Vaults:2: vaults_room_semicircle, nicolae_vaults_asterisk,
          vaults_standard_mumra_x, hangedman_vaults_maws, grunt_vaults_diagonal,
          v_misc_22, v_pattern_2, vaults_room_stairs_pillars, serial_shops,
          shop_coins
Vaults:3: nicolae_vaults_what_the_h, grunt_vaults_trifunnel,
          minmay_crypt_entry_nasty_monster, v_misc_26, st_greater_box_3,
          vaults_dpeg_diagonal, vaults_dpeg_encased_lava, v_misc_2,
          vaults_room_pool, nicolae_vaults_gold_heap, uniq_saint_roka
Vaults:4: nicolae_vaults_stairing_the_circle, vaults_room_pools,
          ontoclasm_vaults_tryst, nicolae_vaults_three_branches,
          ontoclasm_vaults_spin, hangedman_vaults_snaps,
          vaults_mumra_minichess_inversion, vaults_mumra_chevron_long,
          v_misc_30, vaults_room_stairs_pillars, ontoclasm_vaults_gateway,
          ontoclasm_vaults_ring_small, nicolae_vaults_little_squares_3,
          serial_shops, nicolae_shop_waterfront, uniq_frederick
Crypt:2:  serial_glass, glass_columns_c, glass_columns_b, glass_columns_a,
          wad_floor_pattern_2, grunt_megastairs_1
Crypt:3:  evilmike_haunted_forest
Depths:1: fountainhead, grunt_hell_entry_dis_old, grunt_decor_clamped,
          serial_sigils_hangedman_stare
Depths:2: hangedman_pleasuredromes, hell_entry
Depths:3: minmay_octo_star, enter_ziggurat_b, pan_entry,
          pf_hell_entry_tar_river, infiniplex_staircase_zigzag_2
Depths:4: hangedman_grunt_twisty_little_passages, abyss_entry,
          hangedman_decor_lopped, hell_entry, lemuel_flame_loot_1
Depths:5: grunt_zot_entry_gee_three, hell_entry, abyss_entry,
          roderic_serpentine_path
Zot:1:    nicolae_zot_stationary_front, grunt_megastairs_4
Zot:2:    grunt_ministairs_9, grunt_megastairs_2
Zot:3:    lemuel_draconian_sentries
IceCv:    ice_cave_statue_garden_chambered

Skill      XL: |  1  2  3  4  5  6  7  8  9 10 11 12 13 14 15 16 17 18 19 20 21 22 23 24 25 26 27 |
---------------+----------------------------------------------------------------------------------+-----
Short Blades   | 2 3 4 5 6 8 9 12 | 12.0
Hexes          | 4 5 6 7 9 11 12 13 15 | 15.0
Fighting       | 6 9 12 13 15 17 18 19 20 21 25 | 25.4
Dodging        | 4 7 11 14 16 18 19 20 22 | 22.0
Conjurations   | 5 6 |  6.8
Ice Magic      | 6 |  6.1
Summonings     | 5 6 8 9 11 15 | 15.0
Translocations | 6 |  6.0
Spellcasting   | 4 5 9 11 13 16 | 16.3
Invocations    | 6 10 | 10.0
Evocations     | 3 9 10 12 15 | 15.0
Stealth        | 7 8 10 | 10.0
Shields        | 1 7 |  7.3
Throwing       | 7 10 15 | 15.0
Charms         | 2 6 |  6.2
Armour         | 3 6 |  6.0
Air Magic      | 5 8 |  8.0
Earth Magic    | 6 |  6.0
Long Blades    | 8 |  8.6

Action                   |  1- 3 |  4- 6 |  7- 9 | 10-12 | 13-15 | 16-18 | 19-21 | 22-24 | 25-27 || total
-------------------------+-------+-------+-------+-------+-------+-------+-------+-------+-------++-------
Melee: Dagger            |    98 |    94 |     1 |    21 |    36 |   372 |   356 |  1432 |  4669 ||  7079
       Short sword       |       |   107 |   254 |   570 |  1006 |       |       |       |       ||  1937
       Quick blade       |       |       |       |       |   517 |  1699 |  1267 |   932 |   170 ||  4585
 Fire: Hunting sling     |       |    38 |       |       |       |       |       |       |       ||    38
       Blowgun           |       |       |       |     3 |       |       |       |       |       ||     3
Throw: Tomahawk          |       |       |     1 |     5 |     1 |       |    37 |       |    46 ||    90
       Throwing net      |       |       |       |       |     4 |       |       |       |     2 ||     6
 Cast: Corona            |    23 |    37 |    15 |     5 |     6 |       |     7 |     1 |       ||    94
       Ensorcelled Hiber |     2 |       |     2 |    19 |   172 |   103 |   115 |   138 |   434 ||   985
       Confuse           |     1 |    25 |    64 |   146 |   256 |   170 |   151 |   205 |   197 ||  1215
       Tukima's Dance    |       |     1 |     4 |    22 |    46 |    37 |   136 |    90 |    82 ||   418
       Dazzling Spray    |       |       |       |     5 |     5 |    51 |    27 |    15 |     6 ||   109
       Blink             |       |       |       |       |     5 |    10 |     1 |     4 |    10 ||    30
       Repel Missiles    |       |       |       |       |     2 |    18 |     4 |     3 |    15 ||    42
       Apportation       |       |       |       |       |       |     3 |     3 |     2 |     6 ||    14
       Summon Butterflie |       |       |       |       |       |       |       |     1 |       ||     1
       Silence           |       |       |       |       |       |       |       |     6 |    22 ||    28
       Summon Mana Viper |       |       |       |       |       |       |       |     2 |    47 ||    49
       Darkness          |       |       |       |       |       |       |       |       |    13 ||    13
       Regeneration      |       |       |       |       |       |       |       |       |    23 ||    23
       Shadow Creatures  |       |       |       |       |       |       |       |       |    21 ||    21
       Spectral Weapon   |       |       |       |       |       |       |       |       |    20 ||    20
       Swiftness         |       |       |       |       |       |       |       |       |     5 ||     5
       Ozocubu's Armour  |       |       |       |       |       |       |       |       |     5 ||     5
       Summon Lightning  |       |       |       |       |       |       |       |       |     1 ||     1
Invok: Heroism           |       |       |       |     5 |    14 |    21 |     3 |     8 |    34 ||    85
       Finesse           |       |       |       |       |       |     4 |     1 |     1 |     2 ||     8
 Abil: Evoke Flight      |       |       |       |       |     1 |    26 |       |       |     3 ||    30
       Evoke Invisibilit |       |       |       |       |       |     4 |       |     1 |     1 ||     6
       Stop Flying       |       |       |       |       |       |     1 |       |       |       ||     1
Evoke: Wand              |       |       |       |     1 |     3 |       |       |     3 |       ||     7
       Sack of spiders   |       |       |       |       |       |       |       |     1 |       ||     1
  Use: Scroll            |     3 |     8 |    12 |     6 |     7 |    18 |     7 |    13 |    37 ||   111
       Potion            |       |       |       |     1 |     2 |     5 |     3 |     8 |     5 ||    24
 Stab: Sleeping          |    11 |    17 |    15 |    22 |   122 |    90 |    72 |    80 |   267 ||   696
       Distracted        |     1 |       |       |     4 |       |     5 |     7 |    11 |    47 ||    75
       Confused          |       |     8 |    19 |    72 |   125 |   100 |    66 |   100 |    83 ||   573
       Paralysed         |       |       |       |     1 |       |       |       |       |       ||     1
       Held in net/web   |       |       |       |       |     5 |       |       |       |     1 ||     6
       Invisible         |       |       |       |       |       |    24 |     3 |     5 |    16 ||    48
  Eat: Chunk             |    12 |    13 |    22 |    48 |    97 |    64 |    34 |    44 |   139 ||   473
       Meat ration       |       |       |       |       |       |       |       |     1 |     2 ||     3
Armor: Robe              |    19 |     7 |    19 |    27 |       |       |       |       |       ||    72
       Leather armour    |       |       |     2 |       |       |       |    22 |   139 |   516 ||   679
       Steam dragon scal |       |       |       |     9 |   106 |    98 |    55 |       |       ||   268
Dodge: Dodged            |    63 |    94 |    95 |   126 |   508 |   916 |   718 |  1071 |  3467 ||  7058
       Deflected         |       |       |       |       |     4 |    36 |    25 |    14 |    85 ||   164
Block: Buckler           |       |    17 |    51 |   115 |   362 |   476 |   389 |   615 |  1824 ||  3849
       Reflection        |       |       |       |     4 |     2 |    42 |    45 |    23 |   121 ||   237

Table legend:
 A = Turns spent in this place as a percentage of turns spent in the entire game.
 B = Non-inter-level travel turns spent in this place as a percentage of non-inter-level travel turns spent in the entire game.
 C = Inter-level travel turns spent in this place as a percentage of turns spent in this place.
 D = Turns resting spent in this place as a percentage of non-inter-level travel turns spent in this place.
 E = Turns spent auto-exploring this place as a percentage of non-inter-level travel turns spent in this place.
 F = Non-inter-level travel turns spent in this place divided by the number of levels of this place that you've seen.
                   A       B       C       D       E      F
               +-------+-------+-------+-------+-------+----------------------
         Total | 100.0 | 100.0 |   0.4 |   3.2 |   2.2 | 959.5
       Dungeon |  16.1 |  16.1 |   0.9 |   3.5 |   3.8 | 544.3
        Temple |   0.1 |   0.1 |   1.4 |   0.0 |   0.0 |  70.0
          Lair |  12.1 |  12.1 |   0.9 |   3.8 |   2.2 | 1024.7
        Shoals |   5.1 |   5.1 |   0.2 |   2.7 |   2.6 | 647.0
     Snake Pit |   9.6 |   9.6 |   0.4 |   4.7 |   1.9 | 1217.2
  Orcish Mines |   3.2 |   3.2 |   0.3 |   3.9 |   1.3 | 823.0
   Elven Halls |   6.5 |   6.5 |   0.2 |   2.9 |   2.1 | 1103.0
        Vaults |  21.3 |  21.3 |   0.4 |   2.3 |   1.4 | 2169.2
         Crypt |   6.5 |   6.5 |   0.2 |   2.0 |   2.3 | 1101.3
        Depths |  12.6 |  12.6 |   0.2 |   3.0 |   2.2 | 1279.8
           Zot |   2.2 |   2.2 |   0.2 |   0.8 |   3.6 | 366.0
      Ice Cave |   0.4 |   0.4 |   0.0 |   0.9 |   0.4 | 228.0
    Desolation |   4.3 |   4.3 |   0.0 |   5.3 |   0.0 | 2182.0
               +-------+-------+-------+-------+-------+----------------------

Vault maps used:
D:1:      dpeg_arrival_round_c, minmay_quantized
D:2:      kennysheep_goblin_castle, minitemple, first_bread, serial_park_tiny_2,
          tgw_trog
D:3:      serial_bayou, serial_bayou_shore_a, serial_bayou_ford_a,
          serial_bayou_pond_c, serial_bayou_pond_e, serial_bayou_lagoon_a,
          mrwooster_statue_mirror
D:4:      uniq_duvessa
D:5:      grunt_temple_overflow_open, serial_bayou_pond_d, lemuel_flamethrower_2
D:7:      hangedman_decor_clover_reticule
D:8:      led_sif_book
D:9:      marbit_many_paths, lair_0_dummy, serial_shops, shop
D:12:     minmay_orc_entry_temple_small, grunt_tengu_nest,
          yredelemnul_altar_generic
D:14:     erik_vaults_1, uniq_nessos, uniq_louise
D:15:     grunt_enter_depths_giant_problem, minmay_misc_feat_alley,
          portal_ice_cave_entry_animals_and_master, corexii_checkpoint_b
Temple:   eino_temple_water
Lair:1:   grunt_forest_large_clearing_hut
Lair:2:   minmay_snake_entry_six_corridors, serial_bayou_lake_a,
          serial_bayou_shore_b, infiniplex_staircase_pool_2
Lair:3:   minmay_shoals_entry_hut, serial_bayou_pond_e, lemuel_old_faithful
Lair:4:   regret_index_tunnel_blossom, uniq_urug, uniq_harold
Lair:5:   boulder_quad_collide, slime_altar_1, basic_altar,
          bobbens_dragon_lair_wall
Lair:6:   evilmike_catoblepas_cave, disabler_island
Shoals:3: serial_shops, shop
Shoals:4: shoals_end_simple, shoal_ilsuiw
Snake:1:  serial_bayou_pond_b, spider_trap, grunt_ministairs_11
Snake:2:  minmay_snake_pond, minmay_shop_grove, uniq_vashnia, uniq_donald
Snake:3:  serial_shops, nicolae_shop_trees, basic_altar, grunt_ministairs_3
Snake:4:  grunt_snake_rune_serpentine_throne, spider_trap,
          portal_desolation_entry_twin_temple
Orc:2:    st_orc_elflike, basic_altar
Elf:1:    elf_arrival_001
Elf:2:    uniq_agnes
Elf:3:    elf_hall, uniq_asterion, uniq_roxanne, uniq_mara
Vaults:1: nicolae_vaults_disjoint_gnomons, nicolae_vaults_circle_grid_a,
          hangedman_vaults_impose, grunt_vaults_bifocal, st_cross,
          v_alt_pattern_3, v_pattern_3, ontoclasm_vaults_ring_small,
          hangedman_vaults_variations, ontoclasm_vaults_ligature,
          v_alt_pattern_2, basic_altar
Vaults:2: vaults_room_semicircle, nicolae_vaults_asterisk,
          vaults_standard_mumra_x, hangedman_vaults_maws, grunt_vaults_diagonal,
          v_misc_22, v_pattern_2, vaults_room_stairs_pillars, serial_shops,
          shop_coins
Vaults:3: nicolae_vaults_what_the_h, grunt_vaults_trifunnel,
          minmay_crypt_entry_nasty_monster, v_misc_26, st_greater_box_3,
          vaults_dpeg_diagonal, vaults_dpeg_encased_lava, v_misc_2,
          vaults_room_pool, nicolae_vaults_gold_heap, uniq_saint_roka
Vaults:4: nicolae_vaults_stairing_the_circle, vaults_room_pools,
          ontoclasm_vaults_tryst, nicolae_vaults_three_branches,
          ontoclasm_vaults_spin, hangedman_vaults_snaps,
          vaults_mumra_minichess_inversion, vaults_mumra_chevron_long,
          v_misc_30, vaults_room_stairs_pillars, ontoclasm_vaults_gateway,
          ontoclasm_vaults_ring_small, nicolae_vaults_little_squares_3,
          serial_shops, nicolae_shop_waterfront, uniq_frederick
Crypt:2:  serial_glass, glass_columns_c, glass_columns_b, glass_columns_a,
          wad_floor_pattern_2, grunt_megastairs_1
Crypt:3:  evilmike_haunted_forest
Depths:1: fountainhead, grunt_hell_entry_dis_old, grunt_decor_clamped,
          serial_sigils_hangedman_stare
Depths:2: hangedman_pleasuredromes, hell_entry
Depths:3: minmay_octo_star, enter_ziggurat_b, pan_entry,
          pf_hell_entry_tar_river, infiniplex_staircase_zigzag_2
Depths:4: hangedman_grunt_twisty_little_passages, abyss_entry,
          hangedman_decor_lopped, hell_entry, lemuel_flame_loot_1
Depths:5: grunt_zot_entry_gee_three, hell_entry, abyss_entry,
          roderic_serpentine_path
Zot:1:    nicolae_zot_stationary_front, grunt_megastairs_4
Zot:2:    grunt_ministairs_9, grunt_megastairs_2
Zot:3:    lemuel_draconian_sentries
IceCv:    ice_cave_statue_garden_chambered
